 Dungeon Crawl Stone Soup version 0.28-a0-751-gef3a642a4e (webtiles) character file.

Game seed: 502286292288391187

0 spiderkeys the Skirmisher (level 1, -5/13 (14) HPs)
             Began as a Gargoyle Abyssal Knight on Oct 31, 2021.
             Was a Follower of Lugonu.
             Killed from afar by an eidolon (18 damage)
             ... with a bolt of negative energy
             ... on level 1 of the Abyss.
             The game lasted 00:00:58 (240 turns).

spiderkeys the Skirmisher (Gargoyle Abyssal Knight)  Turns: 240, Time: 00:00:58

HP:   -5/13 (14)    AC:  5    Str: 16    XL:     1   Next: 0%
MP:   2/2           EV: 11    Int: 10    God:    Lugonu [*.....]
Gold: 0             SH:  0    Dex: 10    Spells: 0/0 levels left

rFire   . . .      SeeInvis .   a - +1 mace
rCold   + . .      Faith    .   (no shield)
rNeg    + . .      Spirit   .   b - +0 leather armour
rPois   ∞          Reflect  .   (no helmet)
rElec   +          Harm     .   (no cloak)
rCorr   .          Rampage  .   (no gloves)
Will    .....                   (no boots)
Stlth   +.........              (no amulet)
HPRegen 0.04/turn               C - ring of protection from cold
MPRegen 0.08/turn               (no ring)

@: drained
A: sickness immunity, AC +2, negative energy resistance 1, electricity
resistance, torment resistance 1, petrification resistance
a: Renounce Religion, Depart the Abyss


You were on level 1 of the Abyss.
You worshipped Lugonu.
Lugonu was aware of your devotion.
You visited 0 branches of the dungeon, and saw 0 of its levels.
You visited the Abyss 1 time.


Innate Abilities, Weirdness & Mutations

You are immune to sickness and miasma.
Your stone body is resilient. (AC +2)
You are immune to poison.
You resist negative energy. (rN+)
You are resistant to electric shocks. (rElec)
You are resistant to unholy torment.
You are immune to petrification.


   Skills:
 + Level 3.2 Fighting
 + Level 2.0 Maces & Flails
 + Level 2.1 Armour
 + Level 0.7 Dodging
 + Level 2.0 Invocations


You couldn't memorise any spells.
You didn't know any spells.
Your spell library was empty.

Inventory:

Hand Weapons
 a - a +1 mace (weapon)
Armour
 b - a +0 leather armour (worn)
Jewellery
 C - a ring of protection from cold (left hand)
   (You found it on level 1 of the Abyss)
Scrolls
 c - a scroll of identify {unknown}

Dungeon Overview and Level Annotations

Branches:
Dungeon (0/15)

Altars:

. #..#.... ..
.#... .#
..###.....#.......
# #.. #.#W ..
..### #...#
.#..#W#..#.# #. ..
#.#.##.##...#
##..#
###.##..#.##.....
..# ..##..#.$#
.#.. . .
####..#...# # .#
##.#@.# ##.##...#
## .....# #..#.#
....# #.#.. .


You could see an eidolon.


Message History

🤖 Initializing magus.rc ... ✅ Successfully initialized magus.rc [v1.9.10] Welcome, spiderkeys the Gargoyle Abyssal Knight.
Are you destined to find the splendid Orb of Zot, or to die trying?
Be careful!
Halloween tonight.
Lugonu says: Depart the Abyss and spread corruption, my servant! (use the ability menu to exit the Abyss) Press ? for a list of commands and other information.
Found a corrupted altar of Lugonu.
Found a corrupted altar of Lugonu.
Unknown command.
There is a corrupted altar of Lugonu here.
There is a corrupted altar of Lugonu here.
You enter the shallow water.
Moving in this stuff is going to be slow.
c - a scroll labelled SOGERE MIBYUT Tentacles burst out of the water! 4 tentacles come into view.
You enter the shallow water.
Moving in this stuff is going to be slow.
You enter the shallow water.
Moving in this stuff is going to be slow.
Found a gateway leading out of the Abyss.
There is a corrupted altar of Lugonu here.
You see here a +0 shortbow.
You enter the shallow water.
Moving in this stuff is going to be slow.
You enter the shallow water.
Moving in this stuff is going to be slow.
You enter the shallow water.
Moving in this stuff is going to be slow.
An eidolon comes into view.
The eidolon gives a chilling moan.
A blizzard demon comes into view.
You enter the shallow water.
Moving in this stuff is going to be slow.
You enter the shallow water.
Moving in this stuff is going to be slow.
You see here a ring of protection from cold.
C - a ring of protection from cold
C - a ring of protection from cold (left hand)
The eidolon stares piercingly at you. The bolt of negative energy hits you!!
You partially resist.
You feel drained.
Ouch! That really hurt!
You die...

Levels and vault maps discovered:
Abyss:1:  base: Temple, base:
Temple

Notes
Turn   | Place    | Note
-------+----------+-------------------------------------------
     0 | Abyss:1  | spiderkeys the Gargoyle Abyssal Knight began the quest for
                  | the Orb.
     0 | Abyss:1  | Reached XP level 1. HP: 14/14 MP: 2/2
     0 | Abyss:1  | magus.rc [v1.9.10]
     1 | Abyss:1  | Found a corrupted altar of Lugonu.
    12 | Abyss:1  | Noticed a kraken
   119 | Abyss:1  | Found a corrupted altar of Lugonu.
   119 | Abyss:1  | Found a corrupted altar of Lugonu.
   218 | Abyss:1  | Noticed an eidolon
   218 | Abyss:1  | Noticed a blizzard demon
   240 | Abyss:1  | Killed from afar by an eidolon

Vanquished Creatures (others)
  4 tentacles (Abyss:1)
4 creatures vanquished.

Table legend:
 A = Non-vault XP
 B = Vault XP
 C = Vault XP percentage of total XP
 D = Non-vault monster count
 E = Vault monster count
 F = Vault count percentage of total count
                 A         B        C        D         E       F
            +---------+---------+-------+---------+---------+-------
      Total |       0 |       0 |   N/A |       0 |       0 |  -nan
            +---------+---------+-------+---------+---------+-------
            +---------+---------+-------+---------+---------+-------

Illustrated notes

Table legend: (Time is in decaauts)
 A = Elapsed time spent in this place.
 B = Non-inter-level travel time spent in this place.
 C = Inter-level travel time spent in this place.
 D = Time resting spent in this place.
 E = Time spent auto-exploring this place.
 F = Levels seen in this place.
 G = Mean time per level.
                   A        B        C        D        E       F      G
               +--------+--------+--------+--------+--------+-----+--------+
         Total |    245 |    245 |      0 |      0 |     60 |   1 |  245.0 |
         Abyss |    245 |    245 |      0 |      0 |     60 |   1 |  245.0 |
               +--------+--------+--------+--------+--------+-----+--------+

Top non-repeatable levels by time:
 Abyss:1: 245 daAuts
